 Dungeon Crawl Stone Soup version 0.32-a0-519-g08f29ac1c3 (webtiles) character file.

Game seed: 9466550658370176253

185 seren the Slasher (level 5, -5/41 HPs)
             Began as a Coglin Gladiator on Feb 28, 2024.
             Slain by an orc warrior
             ... wielding a +0 dire flail
              (17 damage)
             ... on level 2 of the Dungeon.
             The game lasted 00:04:52 (2369 turns).

seren the Slasher (Coglin Gladiator)                Turns: 2369, Time: 00:04:52

Health: -5/41      AC:  7    Str: 14    XL:     5   Next: 64%
Magic:  5/5        EV: 10    Int:  7    God:
Gold:   105        SH:  4    Dex: 18    Spells: 4/4 levels left

rFire   + . .        a - +0 long sword {Inés}
rCold   + . .        m - +0 falchion {Sachi}
rNeg    . . .        w - +0 scale mail
rPois   +            c - +0 helmet
rElec   +            (no cloak)
rCorr   +            (no gloves)
SInv    .            (no boots)
Will    +....        (no amulet) Stlth
                     (ring unavailable)
HPRegen 0.26/turn    (ring unavailable)
MPRegen 0.09/turn

%: no passive effects
@: resistant, attractive, invisible
A: off-hand wielding, slow wielding, warmup strikes, no rings, large bone plates
1, strong-willed 1
a: no special abilities


You were on level 2 of the Dungeon.
You visited 1 branch of the dungeon, and saw 4 of its levels.

You collected 160 gold pieces.
You spent 55 gold pieces at shops.

Inventory:

Hand Weapons
 a - a +0 long sword (weapon) {Inés}
 f - a +0 rapier
 g - a +0 dagger
 m - a +0 falchion (offhand) {Sachi}
 x - a +0 dagger of venom
Missiles
 d - 3 throwing nets (quivered) {!f}
 e - a javelin
Armour
 b - a +0 leather armour
 c - a +0 helmet (worn)
 w - a +0 scale mail (worn)
Wands
 v - a wand of flame (8)
Scrolls
 i - 2 scrolls of vulnerability
 j - a scroll of enchant armour {unknown}
 q - 2 scrolls of teleportation {!r}
 s - a scroll of enchant weapon {unknown}
 t - 6 scrolls of fear
Potions
 h - 2 potions of curing
 l - a potion of invisibility
 p - a potion of might {unknown}
 r - a potion of degeneration {unknown}
 u - a potion of mutation {!q}


   Skills:
 + Level 3.0 Fighting
 * Level 4.2 Long Blades
 + Level 2.6 Throwing
 + Level 1.0 Armour
 + Level 3.3 Dodging
 + Level 1.2 Evocations


You had 4 spell levels left.
You didn't know any spells.
Your spell library was empty.

Dungeon Overview and Level Annotations

Branches:
Dungeon (4/15)
 Temple: D:4-7

Altars:
Uskayaw

Shops:
D:4 ?:[


Innate Abilities, Weirdness & Mutations

You can wield a second weapon in your off-hand.
It takes a long time for you to wield or remove held weapons.
Your first few attacks do less damage.
Your grasper-arms cannot wear rings.
You are partially covered in large bone plates. (SH +4)
You are strong-willed. (Will+)


Message History

You hit the orc warrior but do no damage.
The orc warrior hits you with a +0 dire flail.
* * * LOW HITPOINT WARNING * * *
An orc wizard comes into view. It is wielding a +0 dagger.
The orc wizard shouts!
You hit the orc warrior with your +0 falchion.
The orc warrior is moderately wounded.
You closely miss the orc warrior with your +0 long sword.
The orc warrior hits you with a +0 dire flail!
* * * LOW HITPOINT WARNING * * *
You are too injured to fight recklessly!
You are too injured to fight recklessly!
It was a potion of mutation.
You feel extremely strange.
Large bone plates grow over parts of your arms.
You feel strong-willed. The orc warrior closely misses you.
The orc wizard shouts!
You hear a shout!
An orc comes into view. It is wielding a +0 whip.
The orc wizard shouts!
The orc wizard gestures at you while chanting.
The puff of flame hits the orc warrior.
The orc warrior shouts!
The orc wizard casts a spell at you.
The magic dart hits the orc warrior.
There is an escape hatch in the ceiling here.
The orc warrior barely misses you. A mysterious force pulls you upwards.
The hatch slams shut behind you.
The orc warrior shouts!
There is a stone staircase leading up here.
The orc warrior barely misses you.
You climb upwards.
There is a stone staircase leading down here.
It was a potion of attraction.
You feel attractive to monsters.
The orc warrior hits you with a +0 dire flail.
* * * LOW HITPOINT WARNING * * *
It was a potion of resistance.
You feel protected.
The orc warrior hits you with a +0 dire flail!
You die...

#......# #...÷..####.#.##.....#
#......# #...........#.....#####
#......# #.......#####...#......
#......# ###.###.###...#.#######
#......######.###...[.###.#######
#..................###....#.....#
#####.####....#......#...........
#####.# #....##.o##.######...÷.#
...##.# #....##@###...#...#.....
##.##.# #....#### ###.#.#.#.####
#.##.# #....# #.#<#.#..... #....#
###### #.###....### ######
#.######.### #..........#
############


You could see an orc warrior (unable to see you).

Vanquished Creatures
  2 hounds (D:4)
  Ijyb (D:3)
  An adder (D:2)
  2 dart slugs
  A ribbon worm (D:3)
  4 orcs (D:4)
  5 endoplasms
  12 goblins
  12 hobgoblins
  6 jackals
  2 quokkas
  5 ball pythons
  4 frilled lizards
  11 kobolds
  A rat (D:1)
69 creatures vanquished.

Notes
Turn   | Place    | Note
-------+----------+-------------------------------------------
     0 | D:1      | seren the Coglin Gladiator began the quest for the Orb.
     0 | D:1      | Reached XP level 1. HP: 16/16 MP: 1/1
   212 | D:1      | Reached XP level 2. HP: 22/22 MP: 2/2
   966 | D:2      | Reached XP level 3. HP: 25/27 MP: 3/3
  1479 | D:3      | Found a faded altar of an unknown god.
  1614 | D:3      | Found a hide-covered altar of Uskayaw.
  1614 | D:3      | Noticed a +0 short sword
  1615 | D:3      | Noticed a +0 spear
  1615 | D:3      | Noticed a +0 spear
  1616 | D:3      | Noticed a +0 short sword
  1616 | D:3      | Noticed a +0 falchion
  1616 | D:3      | Noticed a +0 dagger
  1617 | D:3      | Noticed a +0 falchion
  1617 | D:3      | Noticed a +0 dagger
  1713 | D:3      | Reached XP level 4. HP: 27/34 MP: 4/4
  1769 | D:3      | Noticed Ijyb
  1790 | D:3      | Killed Ijyb
  2103 | D:3      | Reached skill level 4 in Long Blades
  2262 | D:4      | Found Zapp's Book Emporium.
  2265 | D:4      | Found Hoojaam's Armour Shoppe.
  2286 | D:4      | Found Ihodokh's Magic Scroll Shoppe.
  2300 | D:4      | Reached skill level 1 in Evocations
  2300 | D:4      | Reached XP level 5. HP: 34/40 MP: 5/5
  2323 | D:4      | Reached skill level 1 in Armour
  2324 | D:4      | Bought a scroll of teleportation for 33 gold pieces
  2324 | D:4      | Bought a scroll of identify for 22 gold pieces
  2334 | D:4      | Noticed an orc warrior
  2341 | D:4      | Gained mutation: You are partially covered in large bone
                  | plates. (SH +4) [potion of mutation]
  2341 | D:4      | Gained mutation: You are strong-willed. (Will+) [potion of
                  | mutation]
  2369 | D:2      | Slain by an orc warrior

Illustrated notes

Levels and vault maps discovered:
D:1:      nicolae_arrival_memento_mori, layout_loops_ring,
          lexackson_kobold_supper
D:2:      layout_basic
D:3:      cheibrodos_greedy_goblins, layout_basic, nicolae_uskayaw_en_pointe,
          hellmonk_ecumenical_altar_slurped_away, uniq_ijyb
D:4:      layout_cave_pools, mainiacjoe_overflow_swirl, serial_shops,
          nicolae_shop_statue_plus, shop, shop, nicolae_shop_advertising_works
          [nicolae_subvault_shop_adworks],
          nicolae_shop_competitors_out_of_business,
          hangedman_abyss_or_decor_stagger, guppyfry_early_orc_mine

Skill      XL: |  1  2  3  4  5 |
---------------+----------------+-----
Throwing       | 2 |  2.6
Dodging        | 3 |  3.3
Long Blades    | 4 |  4.2
Evocations     | 1 |  1.2
Fighting       | 3 |  3.0
Armour         | 1 |  1.0

Action                     |  1- 3 |  4- 6 || total
---------------------------+-------+-------++-------
  Melee: Long sword        |   107 |    56 ||   163
         Falchion          |    38 |    51 ||    89
    Use: Potion            |       |     5 ||     5
         Scroll            |       |     4 ||     4
   Stab: Invisible         |       |     1 ||     1
 Armour: Leather armour    |    81 |     7 ||    88
         Scale mail        |       |    32 ||    32
  Dodge: Dodged            |    63 |    29 ||    92
         Repelled          |     1 |     1 ||     2

Table legend: (Time is in decaauts)
 A = Elapsed time spent in this place.
 B = Non-inter-level travel time spent in this place.
 C = Inter-level travel time spent in this place.
 D = Time resting spent in this place.
 E = Time spent auto-exploring this place.
 F = Levels seen in this place.
 G = Mean time per level.
                   A        B        C        D        E       F      G
               +--------+--------+--------+--------+--------+-----+--------+
         Total |   2403 |   2303 |    100 |    161 |   1641 |   4 |  600.8 |
       Dungeon |   2403 |   2303 |    100 |    161 |   1641 |   4 |  600.8 |
               +--------+--------+--------+--------+--------+-----+--------+

Top non-repeatable levels by time:
     D:1: 929 daAuts
     D:3: 804 daAuts
     D:2: 562 daAuts
     D:4: 107 daAuts
